 Dungeon Crawl Stone Soup version 0.29.1-13-g9f3cf754e1 (webtiles) character file.

Game seed: 2841445438214141605

7909 sanboga the Cleaver (level 11, -3/71 HPs)
             Began as a Gargoyle Fighter on Jan 26, 2023.
             Was a Believer of Okawaru.
             Slain by a two-headed ogre
             ... wielding a +0 giant club
              (10 damage)
             ... on level 10 of the Dungeon.
             The game lasted 00:11:48 (9430 turns).

sanboga the Cleaver (Gargoyle Fighter)              Turns: 9430, Time: 00:11:49

Health: -3/71      AC: 29    Str: 30    XL:     11   Next: 22%
Magic:  9/11       EV:  9    Int:  9    God:    Okawaru [**....]
Gold:   210        SH: 12    Dex:  9    Spells: 10/10 levels left

rFire   . . .      SeeInvis .   a - +1 broad axe (vorpal)
rCold   . . .      Faith    .   c - +0 buckler
rNeg    + . .      Spirit   .   j - +0 plate armour
rPois   ∞          Reflect  +   t - +0 helmet
rElec   +          Harm     .   (no cloak)
rCorr   .          Rampage  .   (no gloves)
Will    .....                   r - +2 pair of boots
Stlth   ..........              o - amulet of reflection
HPRegen 0.21/turn               k - ring of flight
MPRegen 0.12/turn               l - +6 ring of strength

@: heroic, flying
A: sickness immunity, AC +8, negative energy resistance 1, electricity
resistance, torment resistance 1, petrification resistance
a: Renounce Religion, Heroism


You were on level 10 of the Dungeon.
You worshipped Okawaru.
Okawaru was pleased with you.
You visited 2 branches of the dungeon, and saw 11 of its levels.

You collected 434 gold pieces.
You spent 224 gold pieces at shops.

Inventory:

Hand Weapons
 a - a +1 vorpal broad axe (weapon)
 b - a +0 broad axe of draining
Armour
 c - a +0 buckler (worn)
 j - a +0 plate armour (worn)
 r - a +2 pair of boots (worn)
 t - a +0 helmet (worn)
Jewellery
 k - a ring of flight (left hand)
 l - a +6 ring of strength (right hand)
 o - an amulet of reflection (around neck)
 x - a ring of ice
Wands
 h - a wand of roots (5)
 q - a wand of paralysis (12)
 s - a wand of flame (17)
 u - a wand of polymorph (6)
Scrolls
 i - 2 scrolls of blinking
 m - 2 scrolls of fear
 p - 2 scrolls of enchant weapon
Potions
 d - 2 potions of might
 e - 4 potions of curing
 f - 2 potions of haste
 g - a potion of resistance
 n - 3 potions of ambrosia
 w - a potion of berserk rage


   Skills:
 + Level 9.0(14.0) Fighting
 * Level 10.1(15.1) Axes
 + Level 9.1(14.1) Armour
 + Level 9.0(14.0) Shields


You had 10 spell levels left.
You didn't know any spells.
Your spell library contained the following spells:

 Spells                   Type           Power      Damage    Failure   Level
 Magic Dart               Conj           0%         1d3       95%         1
 Scorch                   Fire           0%         2d5       99%         2
 Searing Ray              Conj           0%         2d4       99%         2
 Portal Projectile        Hex/Tloc       0%         N/A       100%        3
 Flame Wave               Conj/Fire      0%         2d4       100%        4
 Fulminant Prism          Conj/Hex       0%         3d6       100%        4
 Blade Hands              Tmut           0%         N/A       100%        5
 Tukima's Dance           Hex            Unusable   N/A       N/A         3
 Summon Cactus Giant      Summ           Unusable   N/A       N/A         6

Dungeon Overview and Level Annotations

Branches:
Dungeon (10/15)            Temple (1/1) D:4            Lair (0/5) D:8
    Orc: D:9-12

Altars:
Ashenzari
Cheibriados
Dithmenos
Elyvilon
Fedhas
Gozag
Hepliaklqana
Kikubaaqudgha
Makhleb
Nemelex Xobeh
Okawaru
Qazlal
Ru
Sif Muna
Trog
Uskayaw
Vehumet
Wu Jian
Xom
Yredelemnul
Zin
The Shining One

Shops:
D:7 *   D:8 ?

Annotations:
D:6 1 runed translucent door


Innate Abilities, Weirdness & Mutations

You are immune to sickness and miasma.
Your stone body is resilient. (AC +8)
You are immune to poison.
You resist negative energy. (rN+)
You are resistant to electric shocks. (rElec)
You are resistant to unholy torment.
You are immune to petrification.


Message History

The troll bites you but does no damage. The troll claws you but does no damage.
You block the troll's attack.
You barely miss the troll.
The troll is almost dead.
The two-headed ogre shouts in stereo!
You hear an angry buzzing noise.
The troll bites you but does no damage. The troll claws you.
The troll claws you but does no damage.
You closely miss the troll.
The troll is almost dead.
You block the troll's attack.
The troll claws you but does no damage. x2
You slash the troll!
You kill the troll!
Okawaru accepts your kill.
A vampire mosquito comes into view.
You see here a troll corpse.
A two-headed ogre comes into view.
It is wielding a +0 giant spiked club and a +0 giant club.
Found two altars.
The two-headed ogre shouts in stereo!
You hear an angry buzzing noise.
The two-headed ogre hits you with a +0 giant club!
The two-headed ogre hits you but does no damage.
You slice the two-headed ogre!!
The two-headed ogre is moderately wounded.
A vampire mosquito comes into view.
The two-headed ogre hits you but does no damage.
You block the two-headed ogre's attack.
The vampire mosquito buzzes angrily.
You slice the two-headed ogre!!
The two-headed ogre is severely wounded.
You hear a shout!
You gain the combat prowess of a mighty hero.
The vampire mosquito bites you! You block the two-headed ogre's attack.
The two-headed ogre hits you but does no damage.
The vampire mosquito bites you but does no damage.
You barely miss the two-headed ogre.
The two-headed ogre is severely wounded.
You hit the vampire mosquito.
The two-headed ogre hits you with a +0 giant club!!
* * * LOW HITPOINT WARNING * * *
The two-headed ogre hits you with a +0 giant club!
You die...

#.######.# #.# ####.#
###### #.# #.....
##..... ####.# #.##.#
#...##.#####....# #.##.#
.._.......##....###.##.#
_..................>##.#
........†.......#...##.#
..8.._O@†....##.........
.....Oyy.....####...##.#
_..._........#.........#
.............#.........#
.............#........##
.............+........#
.............#........#
.............###.##+###
#.##.#


You could see 2 two-headed ogres and 2 vampire mosquitoes.

Vanquished Creatures
  Pikel (D:8)
  Maggie (D:8)
  A troll (D:10)
  A hornet (D:8)
  8 yaks (D:9)
  A wyvern (D:8)
  A steam dragon (D:9)
  A vampire mosquito (D:10)
  An acid dragon (D:9)
  10 water moccasins
  3 sky beasts
  An ice beast (D:6)
  3 black bears
  An orc warrior (D:5)
  2 centaurs
  2 ogres (D:5)
  2 lemures (D:8)
  A kobold brigand (D:9)
  A phantom (D:5)
  6 bullfrogs
  Blork the orc (D:5)
  A necrophage (D:4)
  5 scorpions
  8 wights
  20 killer bees
  The ghost of croobank the Sneak, a weakling OpDe (D:6)
  3 electric eels (D:7)
  A hound (D:4)
  2 orc priests
  A jelly (D:3)
  3 iron imps (D:8)
  2 iguanas (D:4)
  4 orc wizards
  10 adders
  3 gnolls (D:6)
  A river rat (D:6)
  A white imp (D:6)
  An ufetubus (D:7)
  4 worms
  32 orcs
  6 endoplasms
  4 giant cockroaches
  2 goblins
  8 hobgoblins
  7 jackals
  2 quokkas
  2 ball pythons
  10 bats
  7 frilled lizards
  12 kobolds
  4 rats
216 creatures vanquished.

Vanquished Creatures (others)
  42 fungi (D:8)
  69 plants
111 creatures vanquished.

Grand Total: 327 creatures vanquished

Notes
Turn   | Place    | Note
-------+----------+-------------------------------------------
     0 | D:1      | sanboga the Gargoyle Fighter began the quest for the Orb.
     0 | D:1      | Reached XP level 1. HP: 14/14 MP: 1/1
    66 | D:1      | Reached skill level 2 in Axes
   233 | D:1      | Reached XP level 2. HP: 19/19 MP: 2/2
   761 | D:1      | Found a faded altar of an unknown god.
   981 | D:2      | Reached XP level 3. HP: 18/23 MP: 3/3
  1469 | D:2      | Reached XP level 4. HP: 29/29 MP: 4/4
  1639 | D:3      | Reached skill level 3 in Axes
  1771 | D:3      | Reached XP level 5. HP: 19/33 MP: 5/5
  2126 | D:3      | Identified the +1 plate armour of the Catamount {Harm
                  | Regen+ Dex+3}
  2299 | D:3      | Identified a scroll of acquirement
  2307 | D:3      | Acquired a +6 ring of strength
  2428 | D:4      | Reached XP level 6. HP: 25/39 MP: 6/6
  2562 | D:4      | Reached skill level 4 in Axes
  2764 | D:4      | Found a staircase to the Ecumenical Temple.
  3025 | Temple   | Entered the Ecumenical Temple
  3195 | D:5      | Entered Level 5 of the Dungeon
  3216 | D:5      | Reached XP level 7. HP: 34/44 MP: 7/7
  3405 | D:5      | Reached skill level 5 in Armour
  3461 | D:5      | Reached skill level 5 in Fighting
  3461 | D:5      | Reached skill level 5 in Shields
  3466 | D:5      | Reached skill level 5 in Axes
  3747 | D:5      | Noticed Blork the orc
  3757 | D:5      | Killed Blork the orc
  3758 | D:5      | Reached XP level 8. HP: 45/49 MP: 8/8
  3863 | D:6      | Found a runed translucent door.
  3869 | D:6      | Noticed croobank's ghost (weakling OpDe)
  3888 | D:6      | Killed croobank's ghost
  3900 | D:6      | Found a runed translucent door.
  3970 | D:6      | Reached skill level 6 in Axes
  4353 | D:6      | Found a sacrificial altar of Ru.
  4366 | D:6      | Reached XP level 9. HP: 51/56 MP: 9/9
  4758 | D:7      | Found a glowing golden altar of the Shining One.
  4759 | D:7      | Found a glowing silver altar of Zin.
  4760 | D:7      | Found a white marble altar of Elyvilon.
  4884 | D:7      | Identified the +4 trident of Irrepressible Laughter
                  | {vorpal, *Noise rF+++ rCorr Dex-3}
  5062 | D:7      | Reached skill level 7 in Axes
  5239 | D:7      | Found Caoc's Serpentskin Sales.
  5315 | D:7      | Found an iron altar of Okawaru.
  5788 | D:8      | Noticed Pikel
  5797 | D:8      | Killed Pikel
  5998 | D:7      | Reached skill level 8 in Axes
  6014 | D:8      | Reached XP level 10. HP: 37/63 MP: 10/10
  6272 | D:8      | Found a staircase to the Lair.
  6392 | D:8      | Found an ancient bone altar of Kikubaaqudgha.
  6507 | D:8      | Noticed Maggie
  6512 | D:8      | Killed Maggie
  6513 | D:8      | Reached skill level 9 in Axes
  6565 | D:8      | Found a burning altar of Makhleb.
  6565 | D:8      | Identified the +0 robe of Zam Gac {Harm rN++ Str-3 Slay+5}
  6753 | D:8      | Found Rewugos's Magic Scroll Emporium.
  6764 | D:8      | Bought a scroll of blinking for 112 gold pieces
  6764 | D:8      | Bought a scroll of blinking for 112 gold pieces
  7366 | D:7      | Became a worshipper of Warmaster Okawaru
  8229 | D:9      | Reached * piety under Okawaru
  8441 | D:9      | Reached XP level 11. HP: 52/69 MP: 11/11
  8727 | D:9      | Reached skill level 10 in Axes
  9208 | D:10     | Entered Level 10 of the Dungeon
  9216 | D:10     | Reached ** piety under Okawaru
  9302 | D:10     | Identified the +7 trident "Ogron" {vorpal, Contam rC+
                  | Int+6}
  9412 | D:10     | Found a snail-covered altar of Cheibriados.
  9413 | D:10     | Found a bloodstained altar of Trog.
  9415 | D:10     | Found a broken altar of Ashenzari.
  9421 | D:10     | Noticed a two-headed ogre
  9426 | D:10     | Found an ornate altar of the Wu Jian Council.
  9426 | D:10     | Found a sparkling altar of Nemelex Xobeh.
  9426 | D:10     | Noticed a two-headed ogre
  9430 | D:10     | Slain by a two-headed ogre

Illustrated notes

Levels and vault maps discovered:
D:1:      tarquinn_simple_flora_water_d, layout_basic,
          dreamdust_ecumenical_altar_statues
D:2:      layout_rooms
D:3:      layout_rooms, hangedman_decor_push, due_unseen_surprise
D:4:      layout_cave_pools, minmay_temple_entry_butterflies, st_stairs_6,
          minmay_unequal
D:5:      layout_rooms, ebering_dispersal_statue_hall, uniq_blork_the_orc
D:6:      layout_cave_pools, hangedman_ru_absence, ebering_ghost_sewer_f
D:7:      layout_cave_pools, good_gods_temple_1,
          mainiacjoe_overflow_surrounded_room, serial_bayou,
          serial_bayou_pond_d, serial_bayou_pond_c, serial_bayou_ford_a,
          serial_bayou_pond_a, serial_bayou_crossing, guppyfry_shop_venom
D:8:      layout_basic, demons_altar, mainiacjoe_overflow_six_doors_small,
          due_lair_maze_entry_diamond, serial_shops, shop_fountains,
          uniq_maggie, uniq_pikel
D:9:      layout_loops_ring, small_statue_intersection
D:10:     layout_basic, grunt_temple_overflow_open, hangedman_decor_opposing,
          dk_noncrumbling_3
Temple:   compressed_dpeg_circular_temple

Skill      XL: |  1  2  3  4  5  6  7  8  9 10 11 |
---------------+----------------------------------+-----
Axes           | 2 3 4 5 6 8 9 10 | 10.1
Armour         | 4 5 6 7 8 9 |  9.1
Fighting       | 4 5 6 7 8 9 |  9.0
Shields        | 4 5 6 7 8 9 |  9.0

Action                   |  1- 3 |  4- 6 |  7- 9 | 10-12 || total
-------------------------+-------+-------+-------+-------++-------
Melee: War axe           |   119 |   154 |   234 |    72 ||   579
       Broad axe         |       |       |       |   207 ||   207
Invok: Heroism           |       |       |       |     1 ||     1
  Use: Scroll            |     7 |     7 |     4 |     5 ||    23
       Potion            |       |       |       |     2 ||     2
Armor: Scale mail        |    26 |       |       |       ||    26
       Plate armour      |    62 |    98 |   168 |   239 ||   567
Dodge: Dodged            |    57 |    48 |    84 |    98 ||   287
Block: Buckler           |    29 |    57 |   117 |   195 ||   398
       Reflection        |       |     1 |     1 |     3 ||     5
